AoeStats
← ritondu52

African Clearing

505437651Analyzed
2v2 RM · 23d ago on Sep 9, 2026· 36m 6s· 4 players
Game mode
Random Map
Map size
Medium (4 player)
Population
200
Speed
Normal
Resources
Standard
Victory
Conquest
Starting age
Dark Age
Ending age
Imperial Age
RankedLock teamsTeams togetherTeam positionsShared explorationLock speedFull tech treeHidden civsTurbo modeCheats
Victory
Defeat
🇫🇷 Tatars · France
1158
+13
🇫🇷 Magyars · France
1142
+13
🇨🇿 Mongols · Czechia
1083
-13
🇪🇸 Inca · Spain
1077
-13
rakosnikk
12:43 Feudal Age
12:38 Loom
22:22 Castle Age
20:37 Forging
23:59 Wheelbarrow
23:48 Double-Bit Axe
25:20 Bow Saw
27:43 Bloodlines
28:39 Husbandry
29:12 Horse Collar
35:16 Scale Barding Armor
Perro Sanchez HDP
10:11 Loom
12:11 Feudal Age
18:06 Castle Age
16:55 Double-Bit Axe
17:58 Scale Mail Armor
18:27 Pikeman
32:22 Horse Collar
35:08 Fletching
ritondu52
11:28 Loom
14:15 Feudal Age
18:19 Castle Age
16:51 Double-Bit Axe
17:10 Horse Collar
17:21 Fletching
18:56 Bloodlines
19:41 Town Watch
21:38 Bodkin Arrow
23:00 Padded Archer Armor
27:52 Husbandry
29:41 Bow Saw
30:10 Wheelbarrow
31:05 Ballistics
32:29 Forging
33:07 Heavy Plow
36:46 Hand Cart
.Stoo
11:16 Loom
14:31 Feudal Age
15:23 Double-Bit Axe
15:24 Horse Collar
17:18 Scale Barding Armor
19:46 Town Watch
28:34 Castle Age
30:13 Chain Barding Armor
31:38 Husbandry
31:50 Bloodlines
35:13 Wheelbarrow
Connection lost

Rejoining the realm…

Still unreachable

The connection could not be restored.

Session expired

The server has moved on; the page needs a fresh start.